 Dungeon Crawl Stone Soup version 0.32-a0-886-g41c5271027 (webtiles) character file.

Game seed: 11753424612584001058

952 bobo the Cudgeller (level 7, -1/64 HPs)
             Began as a Mountain Dwarf Fighter on Apr 3, 2024.
             Was a Priest of Okawaru.
             Slain by an iguana (7 damage)
             ... on level 6 of the Dungeon.
             The game lasted 00:08:40 (3755 turns).

bobo the Cudgeller (Mountain Dwarf Fighter)         Turns: 3755, Time: 00:08:40

Health: -1/64      AC: 13    Str: 21    XL:     7   Next: 90%
Magic:  11/11      EV:  6    Int:  8    God:    Okawaru [***...]
Gold:   245        SH:  4    Dex:  9    Spells: 6/6 levels left

rFire   + . .        a - +0 flail
rCold   . . .        c - +0 buckler
rNeg    . . .        r - +0 chain mail
rPois   +            (no helmet)
rElec   .            (no cloak)
rCorr   .            A - +0 pair of gloves
SInv    .            H - +2 pair of boots of Gravitas {Stlth+}
Will    .....        u - amulet of magic regeneration Stlth
                     p - ring of poison resistance
HPRegen 0.30/turn    y - ring of protection from fire
MPRegen 0.52/turn

%: no passive effects
@: no status effects
A: runic magic, artefact enchanting
a: Renounce Religion, Heroism


You were on level 6 of the Dungeon.
You worshipped Okawaru.
Okawaru was most pleased with you.
You visited 1 branch of the dungeon, and saw 6 of its levels.
You also visited: Sewer.

You collected 245 gold pieces.

Inventory:

Hand Weapons
 a - a +0 flail (weapon)
Missiles
 e - 2 boomerangs (quivered)
Armour
 c - a +0 buckler (worn)
 r - a +0 chain mail (worn)
 A - a +0 pair of gloves (worn)
 H - the +2 pair of boots of Gravitas (worn) {Stlth+}
   (You found it on level 4 of the Dungeon)

   Stlth+:    It makes you more stealthy.
Jewellery
 p - a ring of poison resistance (left hand)
 u - an amulet of magic regeneration (around neck)
 y - a ring of protection from fire (right hand)
 G - a ring of fire
 J - a ring of flight
Wands
 t - a wand of digging (2)
 v - a wand of flame (11)
 D - a wand of paralysis (7)
 E - a wand of mindburst (1)
Scrolls
 f - a scroll of blinking {unknown}
 g - 5 scrolls of poison {unknown}
 i - a scroll of brand weapon {unknown}
 j - 7 scrolls of identify {unknown}
 l - a scroll of summoning {unknown}
 n - a scroll of teleportation {unknown}
 o - 2 scrolls of enchant armour {unknown}
 q - 2 scrolls of revelation {unknown}
 w - a scroll of fear {unknown}
 C - 2 scrolls of fog {unknown}
Potions
 b - a potion of brilliance {unknown}
 d - 2 potions of might
 h - a potion of lignification {unknown}
 k - a potion of magic {unknown}
 m - 3 potions of enlightenment {unknown}
 s - a potion of attraction {unknown}
 x - 4 potions of heal wounds {unknown}
 z - a potion of cancellation {unknown}
 B - 2 potions of berserk rage {unknown}
 F - 2 potions of curing {unknown}
 I - a potion of resistance {unknown}


   Skills:
 + Level 6.4 Fighting
 + Level 6.4 Maces & Flails
 - Level 3.2 Armour
 - Level 3.2 Shields
 + Level 5.5 Invocations
 + Level 3.4 Evocations


You had 6 spell levels left.
You didn't know any spells.
Your spell library contained the following spells:

 Spells                   Type           Power      Damage    Failure   Level
 Apportation              Tloc           0%         N/A       65%         1
 Jinxbite                 Hex            0%         N/A       78%         2
 Volatile Blastmotes      Fire/Tloc      0%         2d10      95%         3
 Fulminant Prism          Conj/Alch      0%         3d5       100%        4
 Iskenderun's Mystic Bla Conj/Tloc 0%             2d3        (+2d1     100%        4
 Alistair's Intoxication  Alch           0%         N/A       100%        5


Dungeon Overview and Level Annotations

Branches:
Dungeon (6/15)              Sewer (visited)
 Temple: D:4-7

Altars:
Kikubaaqudgha
Okawaru

Shops:
D:3 *


Innate Abilities, Weirdness & Mutations

Your spellcasting is much less encumbered by armour.
You can use scrolls of enchantment on lesser artefacts.


Message History

The sleepcap is severely damaged.
You block the sleepcap's attack.
You hit the sleepcap.
The sleepcap is almost destroyed.
The iguana bites you but does no damage.
The sleepcap releases spores at you but does no damage.
You hit the sleepcap but do no damage.
The sleepcap is almost destroyed.
The sleepcap completely misses you. The iguana closely misses you.
You hit the sleepcap but do no damage.
The sleepcap is almost destroyed.
The iguana bites you but does no damage.
The sleepcap releases spores at you but does no damage.
You sock the sleepcap!
You destroy the sleepcap!
Okawaru accepts your kill.
The iguana bites you but does no damage.
You hit the iguana.
The iguana is lightly wounded.
The iguana bites you!
You thump the iguana!
The iguana is heavily wounded.
The iguana bites you.
You hit the iguana.
The iguana is severely wounded.
The iguana bites you.
You hit the iguana.
The iguana is almost dead.
The iguana bites you!
* * * LOW HITPOINT WARNING * * *
The iguana bites you.
* * * LOW HITPOINT WARNING * * *
You barely miss the iguana.
The iguana is almost dead.
The iguana bites you!
* * * LOW HITPOINT WARNING * * *
You barely miss the iguana.
The iguana is almost dead.
The iguana bites you!
You die...

#####.####...##..#
.........#.#..#..#
.......#.#.##.#..#
..#.#............####
.......#.#.##.......#####
..#.#..#.#...............
.......#.#######....#####
.#.....#.# #....####
.##....#.# #@....!..
.###.............l......
.###......#.#.#.#........
..........#..............
.#<.........#.#.#..#.....
.###...............#....
## ######..#.#.#..# ...
#.........# .#


You could see an iguana.

Vanquished Creatures
  Grinder (D:5)
  A water moccasin (D:5)
  An ice beast (D:5)
  A crocodile (Sewer)
  A centaur (D:5)
  A bullfrog (D:5)
  2 hounds
  2 orc priests
  A sleepcap (D:6)
  An orc wizard (D:4)
  4 adders
  2 shadow imps (D:5)
  3 dart slugs
  A ribbon worm (D:2)
  15 orcs
  2 ball pythons
  5 bats
  2 endoplasms
  7 giant cockroaches
  9 goblins
  6 hobgoblins
  7 jackals
  4 quokkas
  2 frilled lizards (D:1)
  11 kobolds
  3 rats
95 creatures vanquished.

Notes
Turn   | Place    | Note
-------+----------+-------------------------------------------
     0 | D:1      | bobo the Mountain Dwarf Fighter began the quest for the
                  | Orb.
     0 | D:1      | Reached XP level 1. HP: 19/19 MP: 1/1
   173 | D:1      | Reached XP level 2. HP: 25/26 MP: 2/2
   984 | D:2      | Reached XP level 3. HP: 33/33 MP: 3/3
  1302 | D:2      | Found a faded altar of an unknown god.
  1306 | D:2      | Prayed at the altar of an unknown god.
  1306 | D:2      | Became a worshipper of Warmaster Okawaru
  1306 | D:2      | Reached * piety under Okawaru
  1353 | D:3      | Found Qonousiy's Assorted Antiques.
  1409 | D:3      | Found a glowing drain.
  1433 | Sewer    | Entered a sewer
  1449 | Sewer    | Reached XP level 4. HP: 39/41 MP: 4/4
  1478 | Sewer    | Noticed a crocodile
  1486 | Sewer    | Killed a crocodile
  1487 | Sewer    | Reached XP level 5. HP: 32/47 MP: 2/6
  1669 | D:3      | Found an ancient bone altar of Kikubaaqudgha.
  1747 | D:3      | Identified the +3 trident "Mom Diurarr" {flame, rElec Dex+2
                  | SInv}
  2100 | D:4      | Reached skill level 5 in Fighting
  2141 | D:4      | Reached skill level 5 in Maces & Flails
  2178 | D:4      | Reached XP level 6. HP: 52/56 MP: 8/8
  2205 | D:4      | Reached ** piety under Okawaru
  2621 | D:4      | Identified the +2 pair of boots of Gravitas {Stlth+}
  2794 | D:5      | Entered Level 5 of the Dungeon
  2805 | D:5      | Reached skill level 1 in Evocations
  2903 | D:5      | Noticed Grinder
  2914 | D:5      | Killed Grinder
  2915 | D:5      | Reached XP level 7. HP: 62/62 MP: 8/10
  3086 | D:5      | Reached *** piety under Okawaru
  3087 | D:5      | Reached skill level 5 in Invocations
  3755 | D:6      | Slain by an iguana

Illustrated notes

Levels and vault maps discovered:
D:1:      saegor_arrival_simple_a, layout_loops_ring, minmay_box_of_dots
D:2:      layout_basic, shapermc_ecumenical_altar_petra
D:3:      layout_basic, kiku_gazebo_pond_becter, serial_shops, shop,
          gup_sewer_entry_pipe, minivault_19
D:4:      layout_basic, st_stairs_5, kennysheep_generic_room_8
D:5:      layout_loops_ring, corner_web_ring, uniq_grinder
D:6:      layout_basic, kennysheep_little_box, nicolae_ru_the_path_less_chosen,
          serial_glass, glass_columns_a, glass_columns_b, glass_columns_a,
          glass_columns_a, glass_columns_b, glass_columns_a,
          hangedman_decor_opposing, minmay_nine_imps

Skill      XL: |  1  2  3  4  5  6  7 |
---------------+----------------------+-----
Maces & Flails | 3 4 5 6 |  6.4
Fighting       | 4 5 6 |  6.4
Invocations    | 2 3 4 5 |  5.5
Evocations     | 2 3 |  3.4
Armour         | |  3.2
Shields        | |  3.2

Action                     |  1- 3 |  4- 6 |  7- 9 || total
---------------------------+-------+-------+-------++-------
  Melee: Flail             |   138 |   144 |    89 ||   371
  Throw: Boomerang         |       |     1 |       ||     1
 Invoke: Heroism           |       |     1 |       ||     1
  Evoke: Wand              |       |     1 |     2 ||     3
    Use: Potion            |       |     1 |       ||     1
   Stab: Paralysed         |       |     9 |       ||     9
 Armour: Scale mail        |    50 |       |       ||    50
         Chain mail        |    59 |   116 |    84 ||   259
  Dodge: Dodged            |    60 |    47 |    29 ||   136
  Block: Buckler           |    22 |    21 |    16 ||    59

Table legend: (Time is in decaauts)
 A = Elapsed time spent in this place.
 B = Non-inter-level travel time spent in this place.
 C = Inter-level travel time spent in this place.
 D = Time resting spent in this place.
 E = Time spent auto-exploring this place.
 F = Levels seen in this place.
 G = Mean time per level.
                   A        B        C        D        E       F      G
               +--------+--------+--------+--------+--------+-----+--------+
         Total |   3845 |   3677 |    168 |      6 |   2828 |   7 |  549.3 |
       Dungeon |   3675 |   3507 |    168 |      6 |   2737 |   6 |  612.5 |
         Sewer |    170 |    170 |      0 |      0 |     91 |   1 |  170.0 |
               +--------+--------+--------+--------+--------+-----+--------+

Top non-repeatable levels by time:
     D:5: 919 daAuts
     D:4: 739 daAuts
     D:2: 700 daAuts
     D:1: 668 daAuts
     D:3: 594 daAuts
   Sewer: 170 daAuts
     D:6: 54 daAuts
